 Dungeon Crawl Stone Soup version 0.31-a0-142-g31f6795574 (webtiles) character file.

Game seed: 12597138791460703178

243229 NoAnimeNoLife the Warrior (level 20, -4/140 HPs)
             Began as a Gargoyle Fighter on June 3, 2023.
             Was a High Priest of the Shining One.
             Killed from afar by a storm dragon (7 damage)
             ... with a bolt of lightning
             ... on level 3 of the Depths.
             The game lasted 01:03:23 (37536 turns).

NoAnimeNoLife the Warrior (Gargoyle Fighter)       Turns: 37536, Time: 01:03:23

Health: -4/140     AC: 42    Str: 23    XL:     20   Next: 23%
Magic:  21/30      EV: 10    Int: 18    God:    the Shining One [*****.]
Gold:   283        SH: 30    Dex: 12    Spells: 19/19 levels left

rFire   + + .        F - +9 morningstar (holy)
rCold   + . .        G - +0 kite shield
rNeg    + + +        y - +0 chain mail of a Labyrinth {Rampage Slay+3}
rPois   ∞            u - +2 helmet "Riemnuff" {rElec Int+4}
rElec   +            O - +0 cloak
rCorr   +            I - +2 pair of gloves
SInv    .            q - +2 pair of boots {rampage}
Will    +....        D - amulet of reflection Stlth
                     c - ring of Culec {Fly rElec Int+3 Slay+5}
HPRegen 0.43/turn    d - ring of Ahazi {rElec rF++ rC+ rCorr Str-4 Dex+3}
MPRegen 0.22/turn

%: reflection, rampage
@: divinely shielded, flying, glowing
A: sickness immunity, AC +15, big wings, negative energy resistance 1,
electricity resistance, torment resistance 1, petrification resistance, subdued
magic 1
a: Renounce Religion, Divine Shield, Cleansing Flame, Summon Divine Warrior


You were on level 3 of the Depths.
You worshipped the Shining One.
The Shining One was extremely pleased with you.
You visited 6 branches of the dungeon, and saw 29 of its levels.
You visited the Abyss 4 times.

You collected 3621 gold pieces.
You spent 3338 gold pieces at shops.

Inventory:

Hand Weapons
 F - a +9 morningstar of holy wrath (weapon)
Missiles
 v - 3 throwing nets
Armour
 q - a +2 pair of boots of rampaging (worn)
 u - the +2 helmet "Riemnuff" (worn) {rElec Int+4}
   (You found it on level 4 of the Dungeon)

   Int:       It affects your intelligence (+4).
   rElec:     It insulates you from electricity.
 y - the +0 chain mail of a Labyrinth (worn) {Rampage Slay+3}
   (You found it on level 6 of the Dungeon)

   Slay:      It affects your accuracy & damage with ranged weapons and melee
   (+3).
   Rampage:   It bestows one free step when moving towards enemies.
 G - a +0 kite shield (worn)
 I - a +2 pair of gloves (worn)
 O - a +0 cloak (worn)
Jewellery
 a - an amulet of faith
 c - the ring of Culec (left hand) {Fly rElec Int+3 Slay+5}
   (You took it off a deep elf elementalist on level 3 of the Elven Halls)

   [ring of flight]

   Int:       It affects your intelligence (+3).
   Slay:      It affects your accuracy & damage with ranged weapons and melee
   (+5).
   rElec:     It insulates you from electricity.
   Fly:       It grants you flight.
 d - the ring of Ahazi (right hand) {rElec rF++ rC+ rCorr Str-4 Dex+3}
   (You took it off a deep elf high priest on level 3 of the Elven Halls)

   [ring of protection from cold]

   Str:       It affects your strength (-4).
   Dex:       It affects your dexterity (+3).
   rF:        It greatly protects you from fire.
   rC:        It protects you from cold.
   rElec:     It insulates you from electricity.
   rCorr:     It protects you from acid and corrosion.
 f - the amulet of Orghysi {Reflect Harm rElec rC- SH+5}
   (You bought it in a shop on level 2 of the Orcish Mines)

   [amulet of reflection]

   It reflects blocked missile attacks.
   rC:        It makes you vulnerable to cold.
   rElec:     It insulates you from electricity.
   SH:        It affects your SH (+5).
   Harm:      It increases damage dealt and taken.
 h - the ring of Noshrev {Int+7 Dex+6}
   (You took it off a tengu reaver on level 2 of the Depths)

   [ring of dexterity]

   Int:       It affects your intelligence (+7).
   Dex:       It affects your dexterity (+6).
 t - a +4 ring of protection
 A - a ring of wizardry
 B - a +4 ring of protection
 D - an amulet of reflection (around neck)
 E - the amulet of Obsession {Acrobat *Slow rC+ Int+3}
   (You took it off a deep elf pyromancer on level 2 of the Elven Halls)

   [amulet of the acrobat]

   It increases your evasion while moving and waiting.
   Int:       It affects your intelligence (+3).
   rC:        It protects you from cold.
   *Slow:     It may slow you when you take damage.
 J - a ring of fire
 M - an amulet of regeneration
 Z - a ring of protection from fire
Wands
 n - a wand of digging (19)
 p - a wand of charming (33)
 s - a wand of mindburst (7)
 Q - a wand of flame (63)
 U - a wand of polymorph (6)
 V - a wand of roots (25)
Scrolls
 b - a scroll of silence
 k - 7 scrolls of magic mapping
 l - 9 scrolls of teleportation
 m - 5 scrolls of vulnerability
 w - 2 scrolls of enchant armour
 x - 2 scrolls of butterflies
 z - 3 scrolls of fog
 K - a scroll of acquirement
 L - 2 scrolls of immolation
 S - a scroll of amnesia
 T - 4 scrolls of identify
 W - a scroll of enchant weapon
 Y - a scroll of poison
Potions
 e - 3 potions of magic
 g - 2 potions of haste
 i - 9 potions of attraction
 j - 6 potions of mutation
 o - 8 potions of lignification
 r - 5 potions of curing
 C - 2 potions of brilliance
 H - 6 potions of enlightenment
 P - 4 potions of berserk rage
 R - 3 potions of cancellation
 X - 2 potions of might


   Skills:
 + Level 20.2 Fighting
 - Level 16.0 Maces & Flails
 - Level 16.9 Armour
 - Level 4.1 Dodging
 - Level 16.2 Shields
 - Level 14.0 Invocations
 - Level 10.6 Evocations


You had 19 spell levels left.
You didn't know any spells.
Your spell library contained the following spells:

 Spells                   Type           Power      Damage    Failure   Level
 Beastly Appendage        Tmut           0%         N/A       67%         1
 Kiss of Death            Conj/Necr      0%         2d5       67%         1
 Sandblast                Erth           0%         2d4       67%         1
 Shock                    Conj/Air       0%         1d3       67%         1
 Slow                     Hex            0%         N/A       67%         1
 Blink                    Tloc           0%         N/A       82%         2
 Ensorcelled Hibernation  Hex/Ice        0%         N/A       82%         2
 Lesser Beckoning         Tloc           0%         N/A       82%         2
 Momentum Strike          Conj/Tloc      0%         3d8       82%         2
 Passwall                 Tmut/Erth      0%         N/A       82%         2
 Poisonous Vapours        Pois/Air       0%         N/A       82%         2
 Scorch                   Fire           0%         2d5       82%         2
 Wereblood                Tmut           0%         N/A       82%         2
 Confusing Touch          Hex            0%         N/A       96%         3
 Frozen Ramparts          Ice            0%         1d1       96%         3
 Gell's Gravitas          Tloc           0%         N/A       96%         3
 Ozocubu's Armour         Ice            0%         N/A       96%         3
 Spider Form              Tmut/Pois      0%         N/A       96%         3
 Stone Arrow              Conj/Erth      0%         3d7       96%         3
 Summon Guardian Golem    Hex/Summ       0%         N/A       96%         3
 Swiftness                Air            0%         N/A       96%         3
 Teleport Other           Tloc           0%         N/A       96%         3
 Vampiric Draining        Necr           0%         2d6       96%         3
 Vhi's Electric Charge    Tloc/Air       0%         N/A       96%         3
 Airstrike                Air            0%         2d(0-16)  100%        4
 Anguish                  Hex/Necr       0%         N/A       100%        4
 Animate Armour           Summ/Erth      0%         N/A       100%        4
 Cause Fear               Hex            0%         N/A       100%        4
 Dispel Undead            Necr           0%         3d6       100%        4
 Ice Form                 Ice/Tmut       0%         N/A       100%        4
 Leda's Liquefaction      Hex/Erth       0%         N/A       100%        4
 Manifold Assault         Tloc           0%         N/A       100%        4
 Petrify                  Tmut/Erth      0%         N/A       100%        4
 Summon Ice Beast         Ice/Summ       0%         N/A       100%        4
 Summon Lightning Spire   Summ/Air       0%         N/A       100%        4
 Blade Hands              Tmut           0%         N/A       100%        5
 Freezing Cloud           Conj/Ice/Air   0%         6-21      100%        5
 Irradiate                Conj/Tmut      0%         3d11      100%        5
 Lee's Rapid Deconstruct  Erth           0%         3d4*      100%        5
 Metabolic Englaciation   Hex/Ice        0%         N/A       100%        5
 Dispersal                Tloc           0%         N/A       100%        6
 Leda's Unmaking          Conj/Erth      0%         9d1       100%        6
 Simulacrum               Ice/Necr       0%         N/A       100%        6
 Enfeeble                 Hex            0%         N/A       100%        7
 Orb of Destruction       Conj           0%         9d5       100%        7
 Spellforged Servitor     Conj/Summ      0%         N/A       100%        7
 Disjunction              Tloc           0%         N/A       100%        8
 Maxwell's Capacitive Co  Air            0%         ∞         100%        8
 Cigotuvi's Dreadful Rot  Necr/Pois/Air  Unusable   N/A       N/A         2
 Sublimation of Blood     Necr           Unusable   N/A       N/A         2
 Statue Form              Tmut/Erth      Unusable   N/A       N/A         6

Dungeon Overview and Level Annotations

Branches:
Dungeon (15/15)            Temple (1/1) D:4            Lair (5/5) D:9
 Shoals (0/4) Lair:2       Spider (0/4) Lair:2        Slime (0/5) Lair:5
    Orc (2/2) D:12            Elf (3/3) Orc:2        Vaults (0/5) D:14
 Depths (3/4) D:15

Altars:
Ashenzari
Cheibriados
Dithmenos
Elyvilon
Fedhas
Gozag
Hepliaklqana
Makhleb
Nemelex Xobeh
Okawaru
Qazlal
Ru
Sif Muna
Trog
Uskayaw
Vehumet
Wu Jian
Xom
Yredelemnul
Zin
The Shining One
Lugonu

Shops:
D:11 (   D:15 !   Orc:2 *:*!   Elf:3 [   Depths:1 [(

Portals:
Hell: Depths:1 Depths:2 Depths:3
Abyss: Lair:5 Depths:3
Pandemonium: Depths:2
Ziggurat: Depths:1
Trove: D:11 (give 2 scrolls of acquirement)

Annotations:
D:7 1 runed translucent door
D:9 1 runed translucent door, tensugalgo's ghost, novice TrFi
D:11 3 runed translucent doors, blade888's ghost, journeyman FoHu
Temple 2 transporters
Elf:2 3 runed translucent doors


Innate Abilities, Weirdness & Mutations

You are immune to sickness and miasma.
Your stone body is resilient. (AC +15)
You are immune to poison.
Your large and strong wings let you fly.
You resist negative energy. (rN+)
You are resistant to electric shocks. (rElec)
You are resistant to unholy torment.
You are immune to petrification.
Your spells are a little easier to cast, but a little less powerful.


Message History

The rakshasa looks frightened!
The stone giant looks frightened!
The tentacled monstrosity resists with almost no effort.
The storm dragon easily resists.
The rakshasa blinks!
The storm dragon bites your butterfly!
Your butterfly dies!
Your butterfly disappears in a burst of colours!
The tentacled monstrosity tentacle-slaps your butterfly!
Your butterfly dies!
Your butterfly disappears in a burst of colours!
Your daeva calls down the wrath of the Shining One upon the tentacled monstrosity.
The tentacled monstrosity is smitten.
As you read the scroll of fear, it crumbles to dust.
You assume a fearsome visage.
The tentacled monstrosity resists with almost no effort.
The storm dragon resists with almost no effort.
The fire giant seems to regain its courage.
The storm dragon misses your butterfly. The storm dragon claws your butterfly!
Your butterfly dies!
Your butterfly disappears in a burst of colours!
The rakshasa blinks!
The tentacled monstrosity tentacle-slaps your butterfly!!
Your butterfly dies!
Your butterfly disappears in a burst of colours!
Read: scroll of fear
Press: ? - help, Q - select action, (/) - cycle Dir - look around, f - activate Look: a storm dragon (haloed, chance to affect: 47%)
As you read the scroll of fear, it crumbles to dust.
You assume a fearsome visage.
The tentacled monstrosity easily resists.
The fire giant looks frightened!
The storm dragon easily resists.
The storm dragon breathes lightning at you.
The bolt of lightning hits your butterfly!!
Your butterfly dies!
Your butterfly disappears in a burst of colours!
The bolt of lightning hits your butterfly!!
Your butterfly dies!
Your butterfly disappears in a burst of colours!
The bolt of lightning hits you! You resist.
You die...

#.. #......# #.
8.. #......# #.
#C. #......# #.
###..## #......#
#. #8....8
#A..bb.# #.
#...C..##..b...###
#.
.......Rb.b.b.....
..
..>..bbbbbb.......
......Xbb.@...b...
.......b[....b....
...##..b.bb..bb...
.. #....b........
. #bD...b.b.....
#.......b.....
....C..........
...............


You could see a tentacled monstrosity (ally target), a storm dragon (catching
breath), a fire giant (fleeing, ally target), 2 stone giants, a rakshasa
(fleeing, ally target) and a friendly daeva (summoned).

Vanquished Creatures
  A caustic shrike (Depths:2)
  A hellephant (Abyss:2)
  A tentacled monstrosity (Depths:3)
  A lich (Depths:1)
  A deep elf blademaster (Elf:3)
  A deep elf master archer (Elf:3)
  Asterion (Elf:2)
  2 tentacled starspawn
  2 tengu reavers
  A storm dragon (Depths:2)
  Roxanne (Elf:3)
  2 shadow dragons (Depths:2)
  3 fire giants
  4 frost giants
  6 deep elf sorcerers
  A ghost moth (shapeshifter) (Depths:1)
  6 deep elf elementalists (Elf:3)
  A reaper (Abyss:3)
  10 stone giants
  15 very ugly things
  5 vampire knights
  5 deep elf demonologists
  Azrael (Orc:2)
  9 deep elf annihilators
  11 spark wasps
  6 ettins
  A blizzard demon (Abyss:2)
  5 deep elf high priests (Elf:3)
  Josephine (D:10)
  3 deep elf death magi
  4 fire dragons
  A rakshasa (Depths:3)
  5 ice dragons (Depths:2)
  3 spriggan air magi
  An ogre mage (D:15)
  A hydra (shapeshifter) (Elf:2)
  A caustic shrike simulacrum (Depths:1)
  5 hydras
  2 spriggan skeletons
  Erolcha (Orc:1)
  A catoblepas (Lair:5)
  4 centaur warriors
  2 death knights
  A boulder beetle (D:15)
  13 dancing weapons
  6 death yaks (Lair:4)
  5 deep troll shamans
  5 tengu warriors
  A naga warrior (Abyss:3)
  8 two-headed ogres
  2 deep troll earth magi (Depths:1)
  2 orc high priests
  Urug (D:14)
  4 thrashing horrors
  A sun demon (Abyss:2)
  17 deep elf knights
  3 wretched stars (Abyss:2)
  7 iron trolls
  A skyshark (Lair:5)
  Nergalle (D:10)
  A hell knight (D:15)
  Lodul (D:14)
  A storm dragon skeleton (Depths:1)
  2 skeletal warriors (D:15)
  A death drake (shapeshifter) (D:14)
  7 deep trolls
  2 sixfirhies
  A glowing orange brain (Depths:3)
  3 flayed ghosts
  An orb spider (Lair:2)
  13 deep elf archers
  5 phantasmal warriors
  4 wizards
  An orange crystal statue (Elf:2)
  25 deep elf pyromancers
  2 orc knights
  3 necromancers
  A cyclops (D:13)
  3 orc sorcerers
  32 ugly things
  27 deep elf zephyrmancers
  17 elephants
  4 manticores
  A merfolk siren (Lair:2)
  A worldbinder (Abyss:3)
  A frost giant skeleton (Depths:1)
  4 black mambas
  A guardian serpent (Abyss:3)
  A stone giant skeleton (Depths:1)
  3 smoke demons
  13 cane toads
  2 apocalypse crabs
  A torpor snail (Lair:4)
  3 rust devils (Depths:2)
  A cane toad (shapeshifter) (D:15)
  A hellion (Depths:2)
  An unseen horror (Abyss:2)
  4 kobold demonologists
  2 rime drakes
  A freezing wraith (D:15)
  An ice devil (Depths:2)
  7 tengu conjurers
  2 efreet (D:15)
  2 ancient zymes
  A guardian mummy (D:11)
  3 red devils (Depths:2)
  10 komodo dragons
  A wolf spider simulacrum (D:15)
  9 large abominations
  3 meliai (D:13)
  2 hellwings (Abyss:3)
  3 trolls
  5 polar bears
  Grinder (D:4)
  4 dream sheep (Lair:3)
  40 blink frogs
  4 flying skulls (Abyss:2)
  3 air elementals
  A ynoxinul (Lair:5)
  4 shadows
  8 wraiths
  4 water elementals
  5 fire elementals
  2 spriggans
  7 wyverns
  9 basilisks
  Grum (D:10)
  16 humans (D:14)
  A yak (shapeshifter) (Lair:5)
  5 starcursed masses (Abyss:3)
  70 yaks
  20 small abominations
  2 fire bats (Abyss:2)
  5 neqoxecs
  A steam dragon (D:10)
  4 chaos spawn
  A naga (Abyss:3)
  5 wargs
  3 hell hounds (Orc:2)
  10 water moccasins
  38 orc warriors
  An ice beast (D:5)
  5 black bears
  8 ogres
  11 wolves
  14 centaurs
  5 kobold brigands
  2 gnoll sergeants
  13 bullfrogs
  6 earth elementals
  9 scorpions
  8 wights
  A howler monkey (D:9)
  An electric eel (Lair:1)
  A hound (D:7)
  11 orc priests
  4 gnoll boudas
  5 iguanas
  A sleepcap (D:5)
  Natasha (thrice) (D:2)
  20 orc wizards
  4 hell rats
  Robin (D:2)
  29 gnolls
  6 adders
  A shadow imp (D:5)
  3 white imps
  3 ufetubi
  3 worms
  68 orcs
  5 ball pythons
  5 endoplasms
  6 giant cockroaches
  25 goblins
  12 hobgoblins
  11 jackals
  21 kobolds
  8 quokkas
  5 bats
  5 frilled lizards
  A rat (D:1)
  A lurking horror (Abyss:2)
  A spectral weapon (Elf:2)
  2 starspawn tentacles (Abyss:3)
1093 creatures vanquished.

Vanquished Creatures (collateral kills)
  Bai Suzhen (Depths:2)
  4 spark wasps (Depths:2)
  An iron troll (Depths:1)
  A yak (D:10)
  A killer bee (D:7)
8 creatures vanquished.

Vanquished Creatures (others)
  A deep troll earth mage (Depths:1)
  A wizard (Depths:3)
  2 deep elf pyromancers
  A deep elf archer (Elf:2)
  A smoke demon (Lair:5)
  A troll (D:10)
  A yak (D:10)
  A basilisk (Lair:5)
  An acid dragon (D:11)
  2 orc warriors
  A scorpion (D:7)
  8 starspawn tentacles
21 creatures vanquished.

Grand Total: 1122 creatures vanquished

Notes
Turn   | Place    | Note
-------+----------+-------------------------------------------
     0 | D:1      | NoAnimeNoLife the Gargoyle Fighter began the quest for the
                  | Orb.
     0 | D:1      | Reached XP level 1. HP: 14/14 MP: 1/1
    61 | D:1      | Reached XP level 2. HP: 13/19 MP: 2/2
   604 | D:1      | Reached XP level 3. HP: 23/23 MP: 3/3
   850 | D:2      | Noticed Natasha
   860 | D:2      | Killed Natasha
   861 | D:2      | Reached XP level 4. HP: 18/28 MP: 4/4
   949 | D:2      | Noticed Natasha
   951 | D:2      | Noticed Robin
   992 | D:2      | Killed Natasha
   993 | D:2      | Reached skill level 5 in Maces & Flails
   993 | D:2      | Reached XP level 5. HP: 16/32 MP: 5/5
   995 | D:2      | Killed Robin
  1309 | D:2      | Noticed Natasha
  1311 | D:2      | Killed Natasha
  1795 | D:3      | Found a white marble altar of Elyvilon.
  1829 | D:3      | Reached XP level 6. HP: 32/37 MP: 6/6
  1854 | D:3      | Became a worshipper of Elyvilon the Healer
  1984 | D:3      | Identified the +9 dagger "Xunoget" {freeze, *Corrode Fly
                  | Str+5}
  2755 | D:4      | Reached * piety under Elyvilon
  2806 | D:4      | Noticed Grinder
  2815 | D:4      | Paralysed by Grinder for 3 turns
  2820 | D:4      | Killed Grinder
  2821 | D:4      | Reached XP level 7. HP: 41/41 MP: 7/7
  3051 | D:4      | Found a staircase to the Ecumenical Temple.
  3058 | Temple   | Entered the Ecumenical Temple
  3058 | Temple   | Found a transporter.
  3058 | Temple   | Found a transporter.
  3060 | Temple   | Found a transporter.
  3060 | Temple   | Found a transporter.
  3084 | Temple   | Fell from the grace of Elyvilon
  3084 | Temple   | Became a worshipper of the Shining One
  3247 | D:4      | Identified the +2 helmet "Riemnuff" {rElec Int+4}
  3503 | D:5      | Entered Level 5 of the Dungeon
  3955 | D:5      | Reached skill level 4 in Fighting
  4432 | D:6      | Reached XP level 8. HP: 48/48 MP: 8/8
  4709 | D:6      | Found a bloodstained altar of Trog.
  4710 | D:6      | Identified the +0 chain mail of a Labyrinth {Rampage
                  | Slay+3}
  4965 | D:6      | Noticed a kobold demonologist
  4967 | D:6      | Noticed a kobold demonologist
  4969 | D:6      | Noticed a sun demon
  4977 | D:6      | Noticed a soul eater
  4977 | D:6      | Killed a kobold demonologist
  4978 | D:6      | Reached skill level 5 in Fighting
  4978 | D:6      | Reached skill level 5 in Armour
  4988 | D:6      | Killed a kobold demonologist
  4989 | D:6      | Reached skill level 6 in Fighting
  5354 | D:7      | Noticed a yak
  5354 | D:7      | Reached * piety under the Shining One
  5354 | D:7      | Noticed a yak
  5354 | D:7      | Noticed a yak
  5354 | D:7      | Noticed a yak
  5358 | D:7      | Killed a yak
  5359 | D:7      | Reached XP level 9. HP: 53/55 MP: 9/9
  5553 | D:7      | Reached skill level 7 in Fighting
  5808 | D:7      | Found a runed translucent door.
  5810 | D:7      | Found a runed translucent door.
  6572 | D:7      | Reached skill level 10 in Maces & Flails
  6579 | D:7      | Reached skill level 8 in Fighting
  6588 | D:7      | Reached XP level 10. HP: 63/64 MP: 10/10
  6618 | D:8      | Reached ** piety under the Shining One
  7614 | D:9      | Found an iron altar of Okawaru.
  7792 | D:9      | Reached skill level 9 in Fighting
  7862 | D:9      | Identified the +1 ring mail "Hoyb Yru" {Str+5}
  7973 | D:9      | Found a runed translucent door.
  7973 | D:9      | Noticed tensugalgo's ghost (novice TrFi)
  7993 | D:9      | Found a staircase to the Lair.
  8902 | D:10     | Entered Level 10 of the Dungeon
  8937 | D:10     | Reached *** piety under the Shining One
  8964 | D:10     | Was placed under penance by the Shining One
  9123 | D:10     | Noticed Grum
  9137 | D:10     | Killed Grum
  9229 | D:10     | Reached skill level 10 in Fighting
  9229 | D:10     | Reached XP level 11. HP: 53/72 MP: 11/11
  9557 | D:10     | Noticed a two-headed ogre
  9569 | D:10     | Killed a two-headed ogre
  9570 | D:10     | Reached skill level 10 in Armour
 10234 | D:10     | Noticed Josephine
 10251 | D:10     | Killed Josephine
 10363 | D:10     | Noticed Nergalle
 10363 | D:10     | Was forgiven by the Shining One
 10381 | D:10     | Noticed a spectral orc warlord
 10381 | D:10     | Killed Nergalle
 10616 | D:11     | Noticed a sun demon
 10621 | D:11     | Reached skill level 11 in Fighting
 10657 | D:11     | Found a portal to a secret trove of treasure.
 11279 | D:11     | Found Qampoko's Weapon Shop.
 11405 | D:11     | Bought a +4 morningstar of distortion for 480 gold pieces
 11540 | D:11     | Reached XP level 12. HP: 69/80 MP: 12/12
 11734 | D:11     | Found a runed translucent gate.
 11735 | D:11     | Found a runed translucent gate.
 11736 | D:11     | Found a runed translucent gate.
 11738 | D:11     | Noticed blade888's ghost (journeyman FoHu)
 12188 | D:12     | Reached skill level 12 in Fighting
 12477 | D:12     | Found a staircase to the Orcish Mines.
 12732 | D:12     | Identified a scroll of acquirement
 12814 | Lair:1   | Entered Level 1 of the Lair of Beasts
 12950 | Lair:1   | Reached **** piety under the Shining One
 13137 | Lair:1   | Reached skill level 15 in Maces & Flails
 13469 | Lair:1   | Reached XP level 13. HP: 63/86 MP: 13/13
 14109 | Lair:2   | Reached skill level 1 in Invocations
 14314 | Lair:2   | Found a hole to the Spider Nest.
 14324 | Lair:2   | Reached skill level 5 in Invocations
 14701 | Orc:1    | Entered Level 1 of the Orcish Mines
 14701 | Orc:1    | Found a shimmering altar of Xom.
 14818 | Orc:1    | Noticed Erolcha
 14823 | Orc:1    | Killed Erolcha
 15094 | Orc:2    | Entered Level 2 of the Orcish Mines
 15094 | Orc:2    | Reached ***** piety under the Shining One
 15094 | Orc:2    | Found a staircase to the Elven Halls.
 15626 | Orc:2    | Found Noahonot's Assorted Antiques.
 15626 | Orc:2    | Found Zyast's Book Emporium.
 15643 | Orc:2    | Found Weosonuu's Distillery.
 15645 | Orc:2    | Found Ekoenk's Assorted Antiques.
 15676 | Orc:2    | Noticed an ettin
 15872 | Orc:1    | Killed an ettin
 15873 | Orc:1    | Reached skill level 10 in Invocations
 16069 | Orc:2    | Noticed Azrael
 16079 | Orc:2    | Killed Azrael
 16101 | Orc:2    | Gained mutation: Your large and strong wings let you fly.
                  | [Gargoyle growth]
 16101 | Orc:2    | Reached XP level 14. HP: 77/92 MP: 22/22
 16200 | Orc:2    | Bought a flickering platinum amulet for 160 gold pieces
 16200 | Orc:2    | Identified the amulet of Orghysi {Reflect Harm rElec rC-
                  | SH+5} (You bought it in a shop on level 2 of the Orcish
                  | Mines)
 16200 | Orc:2    | Bought a pair of glowing gloves for 240 gold pieces
 17058 | Lair:2   | Reached skill level 1 in Evocations
 17095 | Lair:2   | Found a staircase to the Shoals.
 17226 | Lair:2   | You are sucked into a shaft and drop 1 floor!
 17452 | Lair:3   | Reached skill level 5 in Evocations
 18551 | Lair:4   | Reached skill level 5 in Shields
 19875 | Lair:5   | Entered Level 5 of the Lair of Beasts
 19883 | Lair:5   | Reached skill level 10 in Shields
 19978 | Lair:5   | Reached XP level 15. HP: 96/96 MP: 23/23
 20090 | Lair:5   | Identified the +8 glaive of Zin, Twisting {spect, Int+3}
 20180 | Lair:5   | Found a staircase to the Slime Pits.
 20217 | Lair:5   | Identified the +9 whip of Chaos {spect, *Rage rPois Dex+3
                  | SInv}
 20397 | Lair:5   | Reached ****** piety under the Shining One
 20507 | Lair:5   | Identified a +8 morningstar of holy wrath (a +6 morningstar
                  | of distortion blessed by the Shining One)
 20507 | Lair:5   | Received a gift from the Shining One
 20586 | Lair:5   | Found a corrupted altar of Lugonu.
 20586 | Lair:5   | Found a one-way gate to the infinite horrors of the Abyss.
 21823 | D:13     | You are sucked into a shaft and drop 2 floors!
 21823 | D:15     | Entered Level 15 of the Dungeon
 21917 | Abyss:2  | Found an iron altar of Okawaru.
 21917 | Abyss:2  | Cast into level 2 of the Abyss (a wizard)
 21987 | Abyss:2  | Found a corrupted altar of Lugonu.
 22032 | D:15     | Escaped the Abyss
 22243 | D:15     | Reached skill level 15 in Shields
 22369 | D:15     | Found Waetsaarch's Distillery.
 22375 | D:15     | Bought a potion of haste for 120 gold pieces
 22375 | D:15     | Bought a potion of heal wounds for 60 gold pieces
 22375 | D:15     | Bought a potion of curing for 36 gold pieces
 22375 | D:15     | Bought a potion of ambrosia for 96 gold pieces
 22394 | D:15     | Found a staircase to the Depths.
 22445 | D:15     | Reached XP level 16. HP: 97/101 MP: 24/24
 22589 | D:15     | Identified the +2 chain mail of Responsibility {rPois}
 22997 | D:14     | Noticed Lodul
 22998 | D:14     | Noticed Urug
 23012 | D:14     | Killed Lodul
 23069 | D:14     | Reached skill level 1 in Dodging
 23070 | D:14     | Killed Urug
 23251 | D:14     | Found a gate to the Vaults.
 24381 | Depths:1 | Entered Level 1 of the Depths
 24768 | Elf:1    | Entered Level 1 of the Elven Halls
 24785 | Elf:1    | Paralysed by an air elemental for 1 turns
 24789 | Elf:1    | Paralysed by an air elemental for 1 turns
 24847 | Abyss:2  | Found a corrupted altar of Lugonu.
 24847 | Abyss:2  | Cast into level 2 of the Abyss (a deep elf sorcerer)
 24964 | Abyss:2  | Noticed a tentacled starspawn
 25090 | Abyss:2  | Found a corrupted altar of Lugonu.
 25102 | Abyss:2  | Gained mutation: Your spells are a little easier to cast,
                  | but a little less powerful. [a neqoxec]
 25223 | Abyss:2  | Noticed a tentacled starspawn
 25226 | Abyss:2  | Killed a tentacled starspawn
 25227 | Abyss:2  | Noticed a hellephant
 25248 | Abyss:2  | Killed a hellephant
 25352 | Abyss:2  | Reached skill level 13 in Fighting
 25599 | Elf:1    | Escaped the Abyss
 25614 | Elf:1    | Reached XP level 17. HP: 89/98 MP: 19/25
 25945 | Elf:1    | Reached skill level 14 in Fighting
 27054 | Elf:2    | Noticed Asterion
 27064 | Elf:2    | Killed Asterion
 27348 | Elf:2    | Identified the amulet of Obsession {Acrobat *Slow rC+
                  | Int+3}
 27620 | Elf:2    | Got the Spellbook of the Brume
 27851 | Elf:2    | Found a runed translucent gate.
 27852 | Elf:2    | Found a runed translucent gate.
 27871 | Elf:2    | Found a runed translucent gate.
 28314 | Elf:3    | Entered Level 3 of the Elven Halls
 28314 | Elf:3    | Found Nifofok's Armour Emporium.
 28403 | Elf:3    | Reached skill level 15 in Fighting
 28630 | Elf:3    | Noticed Roxanne
 29172 | Elf:3    | Reached skill level 16 in Fighting
 29172 | Elf:3    | Reached XP level 18. HP: 108/120 MP: 28/28
 29431 | Abyss:2  | Cast into level 2 of the Abyss (a deep elf demonologist)
 29589 | Elf:3    | Escaped the Abyss
 29620 | Abyss:3  | Cast into level 3 of the Abyss (a deep elf sorcerer)
 29780 | Abyss:3  | Noticed a lich
 30033 | Elf:3    | Escaped the Abyss
 30415 | Elf:3    | Noticed a deep elf master archer
 30419 | Elf:3    | Killed a deep elf master archer
 30636 | Orc:2    | Bought a potion of heal wounds for 70 gold pieces
 30636 | Orc:2    | Bought a potion of heal wounds for 70 gold pieces
 30636 | Orc:2    | Bought a potion of curing for 42 gold pieces
 30636 | Orc:2    | Bought a potion of berserk rage for 70 gold pieces
 30636 | Orc:2    | Bought a potion of cancellation for 112 gold pieces
 30641 | Orc:2    | Bought a scroll of teleportation for 96 gold pieces
 31168 | Elf:3    | Noticed a deep elf blademaster
 31194 | Elf:3    | Killed a deep elf blademaster
 31313 | Elf:3    | Reached skill level 10 in Evocations
 31446 | Elf:3    | Identified the +8 scimitar of Gozag, Chewing {spect, Contam
                  | rC++ rN+}
 31501 | Elf:3    | Identified the ring of Ahazi {rElec rF++ rC+ rCorr Str-4
                  | Dex+3}
 31599 | Elf:3    | Identified the ring of Culec {Fly rElec Int+3 Slay+5}
 31745 | Elf:3    | Got Niwnel's Spellbook of Shocking Incandescence
 31750 | Elf:3    | Identified the +6 shortbow of Obleep {flame, Fragile rC++
                  | rCorr Dex-3}
 31821 | Elf:3    | Identified the +8 orcbow of Diet Blood {flame, rF+ rC+
                  | Int+4 SInv}
 31875 | Elf:3    | Identified the +8 sling of Ravage {flame, *Corrode Will+
                  | Str+3 Int+3}
 31893 | Elf:3    | Identified the staff of conjuration "Kuoddi" {rElec rC+}
 32048 | Elf:3    | Killed Roxanne
 32504 | Depths:2 | Reached skill level 15 in Armour
 32699 | Depths:2 | Noticed Bai Suzhen
 32704 | Depths:2 | Found a glowing golden altar of the Shining One.
 32732 | Depths:2 | Killed Bai Suzhen
 32734 | Depths:2 | Reached XP level 19. HP: 53/127 MP: 15/29
 32833 | Depths:2 | Reached skill level 17 in Fighting
 33260 | Depths:2 | Found a one-way gate leading to the halls of Pandemonium.
 33385 | Depths:2 | Noticed a caustic shrike
 33392 | Depths:2 | Killed a caustic shrike
 33394 | Depths:2 | Identified the ring of Noshrev {Int+7 Dex+6}
 33926 | Depths:2 | Identified the staff of cold "Ginopn Xiunt" {rPois rC+
                  | Str+4}
 33935 | Depths:2 | Identified the staff of fire "Nekhon" {rF+ Int+3 Dex+2}
 34405 | Orc:2    | Bought encrusted ice dragon scales for 1430 gold pieces
 34405 | Orc:2    | Identified the +0 ice dragon scales of Whack-A-Mole
                  | {Rampage rElec rF- rC++ Regen+ Dex+2} (You bought it in a
                  | shop on level 2 of the Orcish Mines)
 34554 | Depths:1 | Identified the +5 great sword of Wyrd {flame, +Blink Int+2
                  | Dex-3}
 34910 | Depths:1 | Reached skill level 18 in Fighting
 35533 | Depths:1 | Found a one-way gateway to a ziggurat.
 35961 | Depths:1 | Found a gateway to Hell.
 35976 | Depths:1 | Found Xoutar's Antique Weapon Boutique.
 35976 | Depths:1 | Found Noupiekh's Antique Armour Shop.
 36111 | Depths:1 | Bought a pair of warped gloves for 256 gold pieces
 36111 | Depths:1 | Identified the +0 pair of gloves "Jeositra" {*Slow Int+4
                  | Dex+5} (You bought it in a shop on level 1 of the Depths)
 36568 | Depths:3 | Reached skill level 19 in Fighting
 36576 | Depths:3 | Reached XP level 20. HP: 139/139 MP: 11/30
 37315 | Depths:3 | Found a blossoming altar of Fedhas.
 37344 | Depths:3 | Reached skill level 20 in Fighting
 37531 | Depths:3 | HP: 1/140 [constriction (8)]
 37536 | Depths:3 | Killed from afar by a storm dragon

Illustrated notes

Levels and vault maps discovered:
D:1:      heliophobic_arrival_enchanted_forest, layout_loops_ring
D:2:      layout_basic, uniq_natasha, uniq_robin
D:3:      layout_basic, elyvilon_altar_5, chequers_serial_rivers_small_a
D:4:      layout_loops_corners, minmay_temple_entry_hall, uniq_grinder
D:5:      layout_loops_ring
D:6:      layout_basic, amcnicky_altar_gilded
D:7:      lemuel_insect_pit, layout_loops_corners
D:8:      corexii_shantytown, layout_basic
D:9:      layout_cave_pools, okawaru_trees_2, david_lair_generic,
          hellmonk_ghost_happy_afterlife, minmay_misc_feat_roman, billiards_dpeg
D:10:     layout_loops_ring, uniq_josephine, uniq_nergalle, uniq_grum
D:11:     layout_loops_ring, serial_shops, nicolae_shop_advertising_works
          [nicolae_subvault_shop_adworks], nicolae_trove_entry_path_of_doom,
          gammafunk_ghost_necromancy
D:12:     layout_cave_pools, david_orc_1_choice, nicolae_hexahallways
D:13:     layout_long_grid
D:14:     layout_irregular_city, david_vaults_3, minivault_19
D:15:     hangedman_depths_entry_civil_slaughter, layout_loops_ring,
          nrook_mini_backslash, serial_shops, nicolae_shop_behind_doors
Temple:   hellmonk_temple_divided_pantheon
Lair:1:   layout_gridlike, chequers_serial_rivers_room_a, serial_bayou_shore_a,
          infiniplex_staircase_pool, grunt_megastairs_5
Lair:2:   layout_cave_pods, minmay_shoals_entry_lonely_mermaid,
          nicolae_spider_entry_orb_guardian
Lair:3:   layout_loops_ring, st_stairs_5, grunt_megastairs_2
Lair:4:   layout_cave_pods
Lair:5:   hellmonk_lair_end_abyssal_woods, layout_regular_city, slime_entry_1,
          chequers_serial_rivers_small_a, uniq_urug
Orc:1:    layout_caves, basic_altar, uniq_erolcha
Orc:2:    st_orc_rangers, layout_caves, uniq_azrael
Elf:1:    layout_loops_cross, minivault_16, minmay_misc_feat_pillars
Elf:2:    elven_hall_of_blades_hangedman_original
          [nicolae_blade_entry_area_security], layout_geoelf_octagon,
          minivault_15, minivault_26, st_stairs_14, minivault_14,
          nicolae_elevator_lobby_asterisk, uniq_asterion
Elf:3:    minmay_elf_hall_furrowed, layout_onion_city, serial_shops,
          shop_statue, uniq_roxanne
Depths:1: layout_cave_pools, enter_ziggurat_f, hell_entry,
          grunt_decor_one_mirror, chequers_serial_rivers_micro_b, drop_trap,
          nicolae_figureground_pulse, minmay_shoptagon
Depths:2: minmay_the_grid_plus_closed [minmay_the_grid_minigrid_medium,
          minmay_the_grid_paths, minmay_the_grid_doors, minmay_the_grid_box_x,
          minmay_the_grid_prize_four_corners_diamond_a], layout_cave_pools,
          tso_metal_star, pf_hell_entry_tar_spiral, grunt_pan_entry_in_and_out,
          uniq_bai_suzhen
Depths:3: minmay_blocking_statues, layout_cave_shapes, fedhas_altar_3,
          nicolae_abyss_entry_one_way_or_another, hell_entry,
          infiniplex_staircase_diamond, minmay_shop_grove

Skill      XL: |  1  2  3  4  5  6  7  8  9 10 11 12 13 14 15 16 17 18 19 20 |
---------------+-------------------------------------------------------------+-----
Maces & Flails | 3 4 5 6 7 8 9 10 11 12 15 16 | 16.0
Fighting       | 4 6 8 10 11 12 13 16 19 20 | 20.2
Armour         | 4 6 8 9 11 14 15 16 | 16.9
Invocations    | 10 11 14 | 14.0
Evocations     | 5 10 | 10.6
Shields        | 10 15 16 | 16.2
Dodging        | 4 |  4.1

Action                     |  1- 3 |  4- 6 |  7- 9 | 10-12 | 13-15 | 16-18 | 19-21 || total
---------------------------+-------+-------+-------+-------+-------+-------+-------++-------
  Melee: Flail             |   115 |   182 |   278 |   417 |       |       |       ||   992
         Morningstar       |       |       |       |   188 |   978 |  1149 |   499 ||  2814
  Throw: Throwing net      |       |       |       |       |       |     4 |     5 ||     9
 Invoke: Divine Shield     |       |       |       |       |     2 |     9 |     5 ||    16
         Cleansing Flame   |       |       |       |       |     7 |    23 |    17 ||    47
         Brand Weapon With |       |       |       |       |     1 |       |       ||     1
         Summon Divine War |       |       |       |       |       |     1 |     2 ||     3
  Evoke: Wand              |       |       |     1 |     8 |     7 |     8 |     5 ||    29
    Use: Scroll            |       |     4 |     8 |    12 |     9 |    11 |     7 ||    51
         Potion            |       |     3 |       |     2 |     2 |    20 |     3 ||    30
 Armour: Scale mail        |    90 |   157 |    42 |       |       |       |       ||   289
         Chain mail        |       |       |   113 |   360 |   559 |   394 |   323 ||  1749
  Dodge: Dodged            |    53 |   127 |    93 |   171 |   295 |   205 |   151 ||  1095
  Block: Buckler           |    25 |    41 |    45 |   129 |   402 |       |       ||   642
         Reflection        |       |       |       |       |    56 |    72 |     5 ||   133
         Kite shield       |       |       |       |       |   118 |   808 |   458 ||  1384

Table legend: (Time is in decaauts)
 A = Elapsed time spent in this place.
 B = Non-inter-level travel time spent in this place.
 C = Inter-level travel time spent in this place.
 D = Time resting spent in this place.
 E = Time spent auto-exploring this place.
 F = Levels seen in this place.
 G = Mean time per level.
                   A        B        C        D        E       F      G
               +--------+--------+--------+--------+--------+-----+--------+
         Total |  36947 |  34447 |   2500 |   7230 |  20626 |  33 | 1119.6 |
       Dungeon |  16749 |  15376 |   1373 |   2301 |  10644 |  15 | 1116.6 |
        Temple |     44 |     44 |      0 |      0 |      6 |   1 |   44.0 |
          Lair |   5854 |   5522 |    332 |     68 |   4519 |   5 | 1170.8 |
  Orcish Mines |   2314 |   2031 |    283 |    663 |    949 |   2 | 1157.0 |
   Elven Halls |   5871 |   5482 |    389 |   2011 |   2166 |   3 | 1957.0 |
        Depths |   4727 |   4606 |    121 |   1572 |   2134 |   3 | 1575.7 |
         Abyss |   1384 |   1384 |      0 |    614 |    207 |   4 |  346.0 |
               +--------+--------+--------+--------+--------+-----+--------+

Top non-repeatable levels by time:
   Elf:3: 2979 daAuts
Depths:2: 2618 daAuts
    D:15: 1695 daAuts
    D:10: 1683 daAuts
   Elf:1: 1568 daAuts
Depths:1: 1516 daAuts
    D:11: 1436 daAuts
   Elf:2: 1323 daAuts
     D:7: 1316 daAuts
  Lair:4: 1301 daAuts
     D:8: 1262 daAuts
  Lair:1: 1258 daAuts
   Orc:1: 1250 daAuts
  Lair:5: 1242 daAuts
  Lair:2: 1144 daAuts
